 Dungeon Crawl Stone Soup version 0.22-a0-247-gbddf880 (webtiles) character file.

301443 Megalobster the Brawler (level 21, -3/174 (177) HPs)
             Began as a Ghoul Monk on Feb 24, 2018.
             Was a High Priest of Okawaru.
             Slain by a vault warden
             ... wielding a cursed +0 battleaxe
              (38 damage)
             ... on level 2 of the Vaults.
             The game lasted 03:23:46 (42044 turns).

Megalobster the Brawler (Ghoul Monk)               Turns: 42044, Time: 03:23:47

HP:   -3/174 (177)  AC: 26    Str: 24    XL:     21   Next: 4%
MP:   27/30         EV: 20    Int:  7    God:    Okawaru [*****.]
Gold: 1906          SH: 16    Dex: 14    Spells: 19/20 levels left

rFire    . . .     SeeInvis .     - Unarmed
rCold    + + +     Gourm    .   N - +0 shield
rNeg     + + +     Faith    .   W - +6 scale mail of the Endless Expanse {rC+}
rPois    ∞         Spirit   .   K - +1 helmet "Icoploj" {rC+ Dex+2}
rElec    .         Reflect  .   s - +1 cloak
rCorr    .         Harm     .   (no gloves)
MR       ++...                  T - +3 pair of boots "Kilafiasch" {*Drain rPois Int+2}
Stlth    ++........             M - amulet of regeneration
HPRegen  0.00/turn              F - +3 ring of slaying
MPRegen  0.22/turn              U - ring of protection from magic

@: about to teleport, heroism, finesse, rotting, slowed, very slow
A: rotting body, claws 1, carnivore, cold resistance 1, negative energy
resistance 3, inhibited regeneration, torment resistance, unbreathing
}: 2/15 runes: barnacled, gossamer
a: Heroism, Finesse, Renounce Religion


You were on level 2 of the Vaults.
You worshipped Okawaru.
Okawaru was extremely pleased with you.
You were not hungry.

You visited 6 branches of the dungeon, and saw 33 of its levels.
You visited the Abyss 1 time.
You visited 1 bazaar.
You also visited: Labyrinth and Ossuary.

You collected 2827 gold pieces.
You spent 921 gold pieces at shops.

Inventory:

Hand Weapons
 b - a +9 hunting sling of velocity
Missiles
 a - 285 sling bullets
 e - 27 tomahawks (quivered)
 h - 7 tomahawks of dispersal
 m - 885 stones
 D - 3 poisoned javelins
 L - 5 throwing nets
Armour
 s - a +1 cloak (worn)
 K - the +1 helmet "Icoploj" (worn) {rC+ Dex+2}
   (Okawaru gifted it to you on level 1 of the Spider Nest)

   It affects your dexterity (+2).
   It protects you from cold.
 N - a +0 shield (worn)
 T - the +3 pair of boots "Kilafiasch" (worn) {*Drain rPois Int+2}
   (Okawaru gifted it to you on level 9 of the Dungeon)

   It affects your intelligence (+2).
   It protects you from poison.
   It causes draining when unequipped.
 W - the +6 scale mail of the Endless Expanse (worn) {rC+}
   (You bought it in a shop in a bazaar)

   It protects you from cold.
 Y - +0 acid dragon scales
Jewellery
 A - an uncursed ring of fire
 F - a +3 ring of slaying (left claw)
 H - an uncursed ring of flight
 M - an amulet of regeneration (around neck)
 U - a ring of protection from magic (right claw)
Wands
 c - a wand of digging (34)
 t - a wand of acid (16)
 z - a wand of disintegration (28)
 B - a wand of flame (74)
 R - a wand of iceblast (17)
 S - a wand of scattershot (6)
Scrolls
 d - 6 scrolls of fog
 l - 2 scrolls of amnesia
 v - 6 scrolls of teleportation
 w - 3 scrolls of blinking
 y - 2 scrolls of fear
 G - 3 scrolls of identify
 I - 3 scrolls of magic mapping
 Q - a scroll of silence
 V - 2 scrolls of summoning
 X - 5 scrolls of torment
 Z - a scroll of enchant armour
Potions
 g - 2 potions of agility
 i - 10 potions of curing
 j - 3 potions of magic
 k - a potion of cancellation
 n - 4 potions of invisibility
 p - a potion of brilliance
 u - 2 potions of haste
 E - 9 potions of ambrosia
 O - 8 potions of flight
Miscellaneous
 f - a lightning rod (4/4)
Comestibles
 J - 52 rations


   Skills:
 - Level 12.9(17.9) Fighting
 * Level 10.6(17.2) Slings
 - Level 10.3(17.1) Throwing
 - Level 10.9(15.9) Armour
 - Level 11.2(16.2) Dodging
 - Level 2.1(7.1) Stealth
 - Level 13.4(18.4) Shields
 - Level 17.5(22.5) Unarmed Combat
 + Level 13.5 Invocations
 * Level 7.2 Evocations


You had 19 spell levels left.
You knew the following spells:

 Your Spells              Type           Power        Failure   Level  Hunger
a - Summon Butterflies    Summ           #.......     65%         1    ##.....


Dungeon Overview and Level Annotations

Branches:
Dungeon (15/15)            Temple (0/1) D:6            Lair (6/6) D:11
 Shoals (4/4) Lair:3       Spider (4/4) Lair:2        Slime (0/5) Lair:6
    Orc (2/2) D:10            Elf (0/3) Orc:2        Vaults (2/5) D:14
 Depths (0/5) D:15
  Crypt: Vaults:2-3

Altars:
Dithmenos
Elyvilon
Gozag
Kikubaaqudgha
Okawaru
Trog
Uskayaw
Vehumet
Beogh
Jiyva

Shops:
D:5 }}*=   Orc:2 *[:(}   Shoals:2 !

Annotations:
D:9 exclusion: oklob plant
Lair:5 exclusion: oklob plant
Lair:6 exclusion: oklob plant


Innate Abilities, Weirdness & Mutations

Your body is rotting away.
You thrive on raw meat.
You are immune to poison.
You have sharp fingernails.
You are carnivorous and can eat meat at any time.
Your flesh is cold resistant. (rC+)
You are immune to negative energy. (rN+++)
You do not regenerate when monsters are visible.
You are immune to unholy pain and torment.
You can survive without breathing.


Message History

You block something's attack.
The vault sentinel completely misses you.
The vault guard hits you but does no damage.
The yaktaur hits you but does no damage.
You claw the yaktaur!
The yaktaur is moderately wounded.
Something closely misses you. You block the vault guard's attack.
The vault sentinel points at you and mumbles some strange words.
You struggle to resist.
You mangle the yaktaur!!
You kill the yaktaur!
Okawaru accepts your kill.
The yaktaur's shape twists and changes as it dies.
The vault guard barely misses you.
The deep elf archer points at you and mumbles some strange words.
You mangle the vault warden!!
The vault warden is moderately wounded.
You block something's attack.
The vault warden hits you with a battleaxe!!!
You die...

#....# #....#
#....#......#....#
#....#......#....#
#....#......#....#
#....#......#....#
#e...#......#....#
#....#......#....#
#p{p)#......#....#
#p@p.'......#
#.p†(########
#...........
#...........
#...........
#........... ...##
#........... ..ee.
#........... .....
#........... .....


You could see a vault warden, 2 vault guards, a vault sentinel, a deep elf
archer and an ironbrand convoker.

Vanquished Creatures
  Mara (Shoals:4)
  Ilsuiw (Shoals:4)
  An orc warlord (Orc:2)
  4 ghost moths
  6 emperor scorpions
  2 vault wardens (Vaults:2)
  3 ironheart preservers
  4 entropy weavers
  3 spark wasps
  A deep elf annihilator (Vaults:2)
  A minotaur (Lab)
  8 merfolk impalers
  2 merfolk javelineers (Shoals:4)
  2 ettins
  3 fire dragons
  4 ogre magi
  4 yaktaur captains
  A great orb of eyes (Vaults:2)
  An ice dragon (Shoals:1)
  A rakshasa (Vaults:1)
  6 hydras
  5 merfolk avatars
  A catoblepas (Lair:2)
  12 two-headed ogres
  2 dancing weapons (D:14)
  6 centaur warriors
  4 merfolk aquamancers (Shoals:4)
  Erica (D:11)
  A tengu warrior (D:15)
  2 deep troll earth magi (Vaults:1)
  The ghost of Klosterheim the Spear-Bearer, a novice MfSk of Nemelex Xobeh (D:9)
  3 death yaks
  A vampire mage (D:15)
  2 death knights (D:14)
  2 satyrs
  Urug (Lair:4)
  An orc high priest (Orc:2)
  A deep elf knight (Vaults:2)
  A shadow wraith (Vaults:2)
  A spark wasp zombie (D:15)
  5 skeletal warriors
  4 unseen horrors
  3 deep trolls (Vaults:1)
  9 sea snakes
  A glowing orange brain (shapeshifter) (Vaults:1)
  5 deep elf archers (Vaults:2)
  6 ironbrand convokers
  Pikel (D:6)
  20 harpies
  6 orc knights
  A lindwurm (Lair:6)
  2 necromancers
  17 orb spiders
  A frost giant zombie (D:15)
  38 wolf spiders
  3 orc sorcerers
  13 manticores
  26 ugly things
  7 deep elf magi
  A human zombie (Vaults:2)
  A fire giant zombie (D:15)
  17 fauns
  8 merfolk sirens
  10 cyclopes
  2 moths of wrath (Spider:4)
  Maurice (D:9)
  3 torpor snails
  5 water nymphs
  19 elephants
  6 black mambas
  11 spiny frogs
  3 molten gargoyles (Lair:6)
  Psyche (D:10)
  7 vault sentinels
  6 gargoyles
  7 rime drakes
  A yaktaur (shapeshifter) (Vaults:2)
  11 komodo dragons
  2 tengu conjurers
  An efreet (D:14)
  27 yaktaurs
  A freezing wraith (D:15)
  4 red devils (D:14)
  16 demonic crawlers
  A redback zombie (D:12)
  6 harpy zombies (Shoals:4)
  40 jumping spiders
  A guardian mummy (D:15)
  A queen bee (Spider:3)
  3 meliai (Spider:3)
  7 wind drakes
  13 trolls
  12 hornets
  6 polar bears
  15 merfolk
  14 blink frogs
  10 slime creatures
  10 snapping turtles
  21 dream sheep
  10 hippogriffs
  A fire dragon zombie (D:15)
  Sigmund (D:6)
  A shadow (D:14)
  6 wyverns
  84 redbacks
  A spriggan (shapeshifter) (Vaults:2)
  4 water elementals
  A wraith (Vaults:1)
  42 yaks
  4 basilisks
  35 tarantellas
  7 vampire mosquitoes
  2 hungry ghosts
  A human simulacrum (Vaults:2)
  4 steam dragons
  5 acid dragons
  5 wargs
  10 water moccasins
  5 porcupines
  2 soldier ants
  3 ice beasts
  Duvessa (D:6)
  7 hell hounds
  3 sky beasts
  A necrophage (D:8)
  2 eyes of draining (D:14)
  A slave (D:6)
  4 black bears
  25 ogres
  34 orc warriors
  11 boggarts
  3 phantoms
  The ghost of Gorglomux the Ducker, an amateur MiEE (D:4)
  28 wolves
  20 centaurs
  17 crocodiles
  Blork the orc (Orc:2)
  21 bullfrogs
  A wyvern skeleton (D:11)
  A glowing shapeshifter simulacrum (Vaults:1)
  Dowan (D:6)
  A water moccasin skeleton (D:9)
  6 scorpions
  25 killer bees
  3 wights (D:8)
  2 electric eels
  2 howler monkeys
  4 quasits
  4 lava snakes (Lair:6)
  7 crimson imps
  4 bullfrog zombies
  6 hounds
  A bullfrog skeleton (D:9)
  8 jellies
  22 orc priests
  4 centaur skeletons
  32 orc wizards
  3 iguanas
  5 worker ants
  6 hell rats
  A hound zombie (D:10)
  2 hound skeletons
  3 mummies
  10 gnolls
  8 adders
  A howler monkey skeleton (D:5)
  4 shadow imps
  5 oozes (D:8)
  6 adder zombies (Ossuary)
  A worm (D:2)
  5 dart slugs
  3 leopard geckos
  103 orcs
  2 ball pythons
  9 bats
  7 giant cockroaches
  2 gnoll zombies (Ossuary)
  9 goblins
  15 hobgoblins
  9 jackals
  11 kobolds
  2 quokkas
  2 frilled lizards
  4 hobgoblin zombies (Ossuary)
  2 kobold zombies (Ossuary)
  7 orc zombies
  9 rats
  2 fungi
  10 plants
1422 creatures vanquished.

Vanquished Creatures (others)
  A wolf spider (Spider:4)
  Grinder (D:6)
  A hippogriff (Lair:6)
  An ogre (D:6)
  A boggart (Vaults:2)
  An adder skeleton (D:6)
  10 fungi
  25 plants
41 creatures vanquished.

Grand Total: 1463 creatures vanquished

Notes
Turn   | Place    | Note
-------+----------+-------------------------------------------
     0 | D:1      | Megalobster the Ghoul Monk began the quest for the Orb.
     0 | D:1      | Reached XP level 1. HP: 19/19 MP: 0/0
    81 | D:1      | Reached XP level 2. HP: 24/26 MP: 1/1
   171 | D:1      | Reached skill level 4 in Unarmed Combat
   261 | D:1      | Reached XP level 3. HP: 28/31 MP: 2/2
   465 | D:2      | Found an ancient bone altar of Kikubaaqudgha.
   769 | D:2      | Found an iron altar of Okawaru.
   777 | D:2      | Became a worshipper of Warmaster Okawaru
   777 | D:2      | Reached * piety under Okawaru
   777 | D:2      | Reached ** piety under Okawaru
   784 | D:2      | Reached skill level 5 in Unarmed Combat
   863 | D:2      | You fall through a shaft!
  1050 | D:3      | Reached XP level 4. HP: 32/38 MP: 3/3
  2337 | D:4      | Noticed Gorglomux's ghost (amateur MiEE)
  2345 | D:4      | Reached skill level 1 in Invocations
  2345 | D:4      | Reached XP level 5. HP: 43/45 MP: 4/4
  2378 | D:4      | Killed Gorglomux's ghost
  2378 | D:4      | Reached skill level 1 in Armour
  2391 | D:4      | Reached XP level 6. HP: 21/52 MP: 4/6
  2747 | D:4      | Reached skill level 6 in Unarmed Combat
  3227 | D:4      | Found a hide-covered altar of Uskayaw.
  3228 | D:4      | Noticed a hand axe
  3229 | D:4      | Noticed a hand axe
  3458 | D:4      | Reached XP level 7. HP: 52/58 MP: 4/7
  4031 | D:5      | Entered Level 5 of the Dungeon
  4097 | D:5      | Reached skill level 7 in Unarmed Combat
  4112 | D:5      | Reached *** piety under Okawaru
  4271 | D:5      | Found Ronuups's Gadget Shop.
  4282 | D:5      | Found Jiukab's Assorted Antiques.
  4292 | D:5      | Reached XP level 8. HP: 67/67 MP: 9/9
  4308 | D:5      | Found Zeton's Gadget Boutique.
  4476 | D:5      | Found Ijok's Jewellery Shop.
  4506 | D:5      | Reached skill level 5 in Fighting
  4775 | D:5      | Found a radiant altar of Vehumet.
  4940 | D:6      | Noticed Sigmund
  4947 | D:6      | Killed Sigmund
  4952 | D:6      | Found a staircase to the Ecumenical Temple.
  4963 | D:6      | Noticed Pikel
  4973 | D:6      | Killed Pikel
  4973 | D:6      | Reached skill level 8 in Unarmed Combat
  4973 | D:6      | Reached XP level 9. HP: 59/74 MP: 7/11
  5101 | D:6      | Got an ichor-stained ring mail
  5112 | D:6      | Identified the cursed +1 ring mail of the Eternal Void {Str+3 Int+4 Stlth-} (You took it off a gnoll on level 6 of the Dungeon)
  5242 | D:6      | Found a sand-covered staircase.
  5242 | D:6      | Killed Grinder
  5247 | Ossuary  | Entered an ossuary
  5422 | D:6      | Noticed Duvessa
  5423 | D:6      | Noticed Dowan
  5430 | D:6      | Killed Duvessa
  5430 | D:6      | Reached skill level 1 in Throwing
  5432 | D:6      | Killed Dowan
  5626 | D:6      | Reached skill level 9 in Unarmed Combat
  5874 | D:7      | Reached skill level 5 in Invocations
  5882 | D:7      | Reached skill level 5 in Dodging
  5948 | D:7      | Found a shadowy altar of Dithmenos.
  6013 | D:7      | Found a white marble altar of Elyvilon.
  6462 | D:7      | Reached skill level 1 in Shields
  6609 | D:8      | Reached **** piety under Okawaru
  6796 | D:8      | Reached XP level 10. HP: 84/84 MP: 10/13
  6875 | D:8      | Found an opulent altar of Gozag.
  7013 | D:8      | Noticed a two-headed ogre
  7020 | D:8      | Killed a two-headed ogre
  7206 | D:8      | Reached skill level 10 in Unarmed Combat
  7634 | D:9      | Noticed an oklob plant
  7687 | D:9      | Noticed Maurice
  7695 | D:9      | Killed Maurice
  7705 | D:9      | Noticed a gargoyle
  7709 | D:9      | Killed a gargoyle
  7709 | D:9      | Reached ***** piety under Okawaru
  7709 | D:9      | Reached skill level 5 in Armour
  7744 | D:9      | Noticed Klosterheim's ghost (novice MfSk)
  7753 | D:9      | Killed Klosterheim's ghost
  7860 | D:9      | Got a scorched hand axe
  7867 | D:9      | Found a hide-covered altar of Uskayaw.
  7944 | D:9      | Received a gift from Okawaru
  7944 | D:9      | Reached XP level 11. HP: 92/92 MP: 14/14
  7947 | D:9      | Got a pair of shimmering boots {god gift}
  7953 | D:9      | Identified the +3 pair of boots "Kilafiasch" {*Drain rPois Int+2} (Okawaru gifted it to you on level 9 of the Dungeon)
  7955 | D:9      | Found a white marble altar of Elyvilon.
  8573 | D:10     | Entered Level 10 of the Dungeon
  8698 | D:10     | Reached skill level 5 in Throwing
  8772 | D:10     | Noticed a two-headed ogre
  8776 | D:10     | Killed a two-headed ogre
  9024 | D:10     | Found a staircase to the Orcish Mines.
  9025 | D:10     | Noticed a brown ugly thing
  9042 | D:10     | Killed a brown ugly thing
  9076 | D:10     | Found a roughly hewn altar of Beogh.
  9173 | D:10     | Noticed Psyche
  9180 | D:10     | Killed Psyche
  9254 | D:10     | Reached skill level 5 in Shields
  9271 | D:10     | Reached skill level 11 in Unarmed Combat
  9434 | D:11     | Noticed a two-headed ogre
  9445 | D:11     | Killed a two-headed ogre
  9499 | D:11     | Noticed a two-headed ogre
  9503 | D:11     | Noticed a two-headed ogre
  9511 | D:11     | Killed a two-headed ogre
  9521 | D:11     | Killed a two-headed ogre
  9530 | D:11     | Noticed Erica
  9546 | D:10     | Reached XP level 12. HP: 44/101 MP: 11/16
  9731 | D:11     | Found a bloodstained altar of Trog.
  9871 | D:11     | Found a staircase to the Lair.
  9948 | D:11     | Received a gift from Okawaru
 10010 | D:11     | Noticed a two-headed ogre
 10027 | D:11     | Killed a two-headed ogre
 10027 | D:11     | Received a gift from Okawaru
 10212 | D:11     | Killed Erica
 10212 | D:11     | Received a gift from Okawaru
 10241 | D:11     | Identified the Guide on Snow and Good Luck
 10260 | D:11     | Learned a level 1 spell: Summon Butterflies
 10577 | Lair:1   | Entered Level 1 of the Lair of Beasts
 10830 | Lair:1   | Received a gift from Okawaru
 11160 | Lair:1   | Reached skill level 12 in Unarmed Combat
 11438 | Lair:2   | Found a hole to the Spider Nest.
 11516 | Lair:2   | Noticed a catoblepas
 11523 | Lair:2   | Received a gift from Okawaru
 11535 | Lair:2   | Killed a catoblepas
 11854 | Lair:2   | Noticed a four-headed hydra
 11862 | Lair:2   | Killed a four-headed hydra
 11862 | Lair:2   | Received a gift from Okawaru
 12265 | Lair:3   | Reached XP level 13. HP: 108/108 MP: 15/17
 12530 | Lair:3   | Received a gift from Okawaru
 12681 | Lair:3   | Found a staircase to the Shoals.
 13310 | Lair:4   | Noticed Urug
 13365 | Lair:4   | Killed Urug
 13737 | Lair:4   | Received a gift from Okawaru
 14401 | Lair:5   | Reached skill level 13 in Unarmed Combat
 14608 | Lair:4   | Received a gift from Okawaru
 14721 | Lair:5   | Reached XP level 14. HP: 118/118 MP: 16/19
 14722 | Lair:5   | Received a gift from Okawaru
 14972 | Lair:5   | Received a gift from Okawaru
 15616 | Lair:6   | Entered Level 6 of the Lair of Beasts
 15649 | Lair:6   | Received a gift from Okawaru
 16037 | Lair:5   | Received a gift from Okawaru
 16281 | Lair:6   | Found a large runed door.
 16422 | Lair:6   | Reached skill level 10 in Fighting
 16450 | Lair:6   | Received a gift from Okawaru
 16665 | Lair:6   | Found a large runed door.
 16728 | Lair:6   | Received a gift from Okawaru
 17725 | Lair:6   | Found a viscous altar of Jiyva.
 17725 | Lair:6   | Found a staircase to the Slime Pits.
 18149 | D:11     | Identified the +9 hand axe of the Fool {venom, rElec Str-5 Int+4 Dex+7} (You found it on level 9 of the Dungeon)
 18256 | Orc:1    | Entered Level 1 of the Orcish Mines
 18256 | Orc:1    | Found a roughly hewn altar of Beogh.
 18259 | Orc:1    | Found a roughly hewn altar of Beogh.
 18822 | Orc:2    | Entered Level 2 of the Orcish Mines
 18825 | Orc:2    | Found a staircase to the Elven Halls.
 18861 | Orc:2    | Reached XP level 15. HP: 125/126 MP: 18/21
 18871 | Orc:2    | Reached skill level 14 in Unarmed Combat
 19212 | Orc:2    | Found a labyrinth entrance.
 19212 | Orc:2    | Found Wuamay's Gadget Emporium.
 19229 | Lab      | Entered a labyrinth
 19353 | Lab      | Reached skill level 10 in Throwing
 19356 | Lab      | Got a faintly glowing leather armour
 19512 | Orc:2    | Noticed Blork the orc
 19526 | Orc:2    | Killed Blork the orc
 19745 | Orc:2    | Noticed an orc warlord
 19766 | Orc:2    | Killed an orc warlord
 19824 | Orc:2    | Found a roughly hewn altar of Beogh.
 19994 | Orc:2    | Found Muojaeg's Antique Weapon Emporium.
 20000 | Orc:2    | Found Juenano's Antique Armour Emporium.
 20040 | Orc:2    | Found Alumemiz's Book Emporium.
 20075 | Orc:2    | Found Daofy's General Store.
 20086 | Orc:2    | Bought a potion of ambrosia for 104 gold pieces
 20086 | Orc:2    | Bought a scroll of silence for 97 gold pieces
 20086 | Orc:2    | Bought a scroll of teleportation for 39 gold pieces
 20142 | Orc:2    | Reached skill level 10 in Shields
 20449 | D:11     | Identified the +1 leather armour of Oblivion {rF+} (You found it in a labyrinth)
 20643 | D:12     | Got a dazzling dagger
 20813 | D:12     | Received a gift from Okawaru
 21953 | D:13     | Reached skill level 10 in Invocations
 22138 | D:14     | Received a gift from Okawaru
 22717 | D:14     | Found a gate to the Vaults.
 22736 | D:14     | Received a gift from Okawaru
 23428 | D:14     | Reached XP level 16. HP: 64/135 MP: 16/22
 23870 | D:15     | Entered Level 15 of the Dungeon
 23877 | D:15     | Reached skill level 15 in Unarmed Combat
 24277 | D:15     | Found a staircase to the Depths.
 24301 | D:15     | Received a gift from Okawaru
 24339 | D:15     | Got a distressingly furry robe
 24340 | D:15     | Identified the +1 robe of Philately {Str+4 Slay-2} (You took it off a skeletal warrior on level 15 of the Dungeon)
 24694 | D:15     | Received a gift from Okawaru
 24801 | D:15     | Got a twisted chain mail
 24802 | D:15     | Identified the cursed +0 chain mail of Tizauf {Regen+} (You found it on level 15 of the Dungeon)
 25553 | D:5      | Bought a scroll of identify for 60 gold pieces
 25842 | Shoals:1 | Entered Level 1 of the Shoals
 26145 | Shoals:1 | Got a faintly glowing war axe
 26161 | Shoals:1 | Received a gift from Okawaru
 26390 | Shoals:1 | Found a flickering gateway to a bazaar.
 26399 | Bazaar   | Entered a bazaar
 26399 | Bazaar   | Found Biolel's Food Shoppe.
 26410 | Bazaar   | Found Gimuhous's Antique Weapon Shoppe.
 26420 | Bazaar   | Found Zeoxymeisen's Magic Scroll Boutique.
 26431 | Bazaar   | Found Potel's Armour Emporium.
 26440 | Bazaar   | Found Goabbuem's Armour Emporium.
 26448 | Bazaar   | Bought the +6 scale mail of the Endless Expanse {rC+} for 384 gold pieces
 26464 | Bazaar   | Bought a scroll of identify for 14 gold pieces
 26464 | Bazaar   | Bought a scroll of torment for 52 gold pieces
 26464 | Bazaar   | Bought a scroll of identify for 14 gold pieces
 26464 | Bazaar   | Bought a scroll of teleportation for 21 gold pieces
 26464 | Bazaar   | Bought a scroll of teleportation for 21 gold pieces
 26464 | Bazaar   | Bought 2 scrolls of identify for 28 gold pieces
 26464 | Bazaar   | Bought a scroll of remove curse for 21 gold pieces
 26464 | Bazaar   | Bought a scroll of identify for 14 gold pieces
 26464 | Bazaar   | Bought a scroll of torment for 52 gold pieces
 26499 | Shoals:1 | Found a frozen archway.
 26768 | Shoals:1 | Identified the cursed +0 war axe "Heeda" {flame, *Corrode MR+++ Stlth-} (You found it on level 1 of the Shoals)
 26923 | Shoals:2 | Received a gift from Okawaru
 27372 | Shoals:2 | Received a gift from Okawaru
 27384 | Shoals:2 | Found Nuorezi's Distillery.
 27958 | Shoals:3 | Received a gift from Okawaru
 28182 | Shoals:3 | Received a gift from Okawaru
 28407 | Shoals:3 | Reached XP level 17. HP: 125/146 MP: 24/24
 28588 | Shoals:3 | Received a gift from Okawaru
 28699 | Shoals:3 | Reached skill level 16 in Unarmed Combat
 29069 | Shoals:4 | Entered Level 4 of the Shoals
 29106 | Shoals:4 | Reached skill level 10 in Dodging
 29299 | Shoals:4 | Reached skill level 1 in Slings
 29505 | Shoals:4 | Noticed Ilsuiw
 29522 | Shoals:4 | Killed Ilsuiw
 29582 | Shoals:4 | Received a gift from Okawaru
 29619 | Shoals:4 | Noticed Mara
 29972 | Shoals:4 | Received a gift from Okawaru
 30329 | Shoals:4 | Received a gift from Okawaru
 30490 | Shoals:4 | Noticed Megalobster's illusion
 30577 | Shoals:4 | Killed Mara
 30670 | Shoals:4 | Received a gift from Okawaru
 30876 | Shoals:4 | Reached skill level 10 in Armour
 31063 | Shoals:4 | Received a gift from Okawaru
 31110 | Shoals:4 | Got a barnacled rune of Zot
 31587 | Spider:1 | Entered Level 1 of the Spider Nest
 31778 | Spider:1 | Received a gift from Okawaru
 31783 | Spider:1 | Got a pitted helmet {god gift}
 31784 | Spider:1 | Identified the +1 helmet "Icoploj" {rC+ Dex+2} (Okawaru gifted it to you on level 1 of the Spider Nest)
 31805 | Spider:1 | Got a jewelled leather armour
 32984 | Spider:2 | Reached XP level 18. HP: 108/154 MP: 25/25
 33173 | Spider:2 | Reached skill level 5 in Slings
 33173 | Spider:2 | Reached XP level 19. HP: 154/161 MP: 26/26
 34520 | Spider:3 | Reached skill level 17 in Unarmed Combat
 35074 | Spider:3 | Received a gift from Okawaru
 35660 | Spider:4 | Entered Level 4 of the Spider Nest
 35944 | D:11     | Identified the cursed +1 leather armour of Lufrater {rC+} (You found it on level 1 of the Spider Nest)
 35946 | D:11     | Identified the cursed +0 dagger of the Enchanted Forest {protect, Str+3} (You found it on level 12 of the Dungeon)
 36822 | Spider:4 | Received a gift from Okawaru
 37727 | Spider:4 | Received a gift from Okawaru
 37823 | Spider:4 | Reached XP level 20. HP: 100/170 MP: 4/28
 37927 | Spider:4 | Reached skill level 1 in Evocations
 38044 | Spider:4 | Received a gift from Okawaru
 38147 | Spider:4 | Got a gossamer rune of Zot
 38563 | Vaults:1 | Entered Level 1 of the Vaults
 38721 | Vaults:1 | Got a dazzling falchion
 38927 | Vaults:1 | Received a gift from Okawaru
 39395 | Vaults:1 | Got a transparent rapier
 39396 | Vaults:1 | Identified the cursed +0 rapier of Bodily Humours {freeze, MR++} (You found it on level 1 of the Vaults)
 39398 | Vaults:1 | Identified the cursed +1 falchion "Zexzymir" {drain, rC+} (You found it on level 1 of the Vaults)
 40369 | Vaults:1 | Reached skill level 5 in Evocations
 41124 | Vaults:2 | Reached skill level 10 in Slings
 41484 | Vaults:2 | Received a gift from Okawaru
 41829 | Vaults:2 | Cast into level 3 of the Abyss (deep elf knight)
 41830 | Abyss:3  | Found a corrupted altar of Lugonu.
 41832 | Abyss:3  | Noticed a hellephant
 41839 | Vaults:2 | Escaped the Abyss
 41980 | Vaults:2 | Reached XP level 21. HP: 83/175 MP: 30/30
 42044 | Vaults:2 | Slain by a vault warden

Vault maps used:
D:1:      saegor_arrival_simple_b, minmay_tall_x
D:2:      wad_pebble_path, kiku_gazebo_garden_becter, okawaru_trees_1
D:3:      kennysheep_generic_room_15
D:4:      corexii_shantytown, dancing_weapons_uskayaw, first_ration
D:5:      kennysheep_little_box, serial_shops, nicolae_shop_overgrown_old_shop,
          shop_statue, shop, shop_statue, hangedman_decor_riveting,
          abandoned_shop
D:6:      minmay_temple_entry_steel_oval, nicolae_ossuary_entry_giza,
          uniq_sigmund, uniq_duvessa, uniq_pikel, uniq_grinder
D:7:      basic_altar, elyvilon_altar_1
D:8:      special_room, hangedman_little_slice_of_home,
          nicolae_gozag_cash_rules_everything_around_me
D:9:      old_standard_altar, lemuel_oklob_altar, uniq_maurice
D:10:     minmay_orc_entry_temple_small, uniq_psyche
D:11:     minmay_lair_entry_lava, trog_ov_bears_minmay, uniq_erica
D:14:     minmay_the_grid_4x2, erik_vaults_1, nrook_mini_vaults,
          einodemon_armed_red_devil_minivault
D:15:     gammafunk_depths_entry_grave, minmay_misc_feat_encased
Lair:1:   infiniplex_staircase_pool_2
Lair:2:   spider_nest_entry_funnel_web, wad_woods_road_04, lemuel_fruit_fields
Lair:3:   minmay_shoals_entry_centaurs, cheibrodos_lair_lostbears
Lair:4:   kilobyte_rumbling_trees, serial_bayou_shore_a, uniq_urug
Lair:5:   nicolae_quartered_pool_medium, minmay_lair_oklob_chamber,
          grunt_megastairs_2
Lair:6:   cheibrodos_lair_end_hotspot, dpeg_slime_entry_enclosed_altar,
          st_stairs_11, serial_bayou_pond_e, minmay_lair_oklob_bushes
Shoals:1: serial_shops, bzr_entry_gold, portal_ice_cave_entry_dragon,
          nicolae_shoals_drake_roost
Shoals:2: serial_shops, nicolae_shop_trees
Shoals:3: abandoned_shop, uniq_louise
Shoals:4: shoals_end_simple, shoals_ilsuiw_ice, nicolae_shoals_undead_eyrie,
          uniq_mara
Spider:2: guppyfry_spider_mini_1, nicolae_spider_cling_halls
Spider:3: special_room, spiders_nest_ghost_moth_duel
Spider:4: guppyfry_spider_rune, hangedman_spider_tarantella_strand
Orc:1:    basic_altar, mines1_david
Orc:2:    grunt_orc_cross, serial_shops, shop, lab_entry_generic
Vaults:1: nicolae_vaults_ring_of_whatevers, v_alt_pattern_4,
          ontoclasm_vaults_ring_small, ontoclasm_vaults_tryst,
          grunt_vaults_bifocal, vaults_dpeg_hooks, v_misc_10,
          nicolae_vaults_hallways_thing, nicolae_vaults_stairing_the_circle,
          v_misc_26, hangedman_vaults_pinch, nicolae_vaults_network_periphery,
          nicolae_vaults_alarming
Vaults:2: vaults_mumra_minichess_inversion, hangedman_vaults_impose,
          nicolae_vaults_little_squares_4, vaults_room_corners,
          hangedman_vaults_slice, vaults_room_fours, ontoclasm_vaults_twist,
          dummy_crypt_entry
Lab:      labyrinth_watery
Bazaar:   bazaar_kb_twisted_cavern
Ossuary:  ossuary_tomb_2

Skill      XL: |  1  2  3  4  5  6  7  8  9 10 11 12 13 14 15 16 17 18 19 20 |
---------------+-------------------------------------------------------------+-----
Unarmed Combat | 4 5 6 7 8 9 10 11 12 13 14 15 16 17 | 17.5
Invocations    | 1 2 3 4 5 6 7 8 9 10 11 12 13 | 13.5
Armour         | 1 2 3 4 5 6 7 8 9 10 | 10.9
Dodging        | 3 4 5 6 7 8 9 10 11 | 11.2
Fighting       | 4 5 6 7 8 9 10 11 12 | 12.9
Throwing       | 3 4 6 7 8 9 10 | 10.3
Shields        | 2 4 5 7 8 9 10 11 12 13 | 13.4
Slings         | 4 5 7 10 | 10.6
Evocations     | 7 |  7.2
Stealth        | |  2.1

Action                   |  1- 3 |  4- 6 |  7- 9 | 10-12 | 13-15 | 16-18 | 19-21 || total
-------------------------+-------+-------+-------+-------+-------+-------+-------++-------
Melee: Unarmed           |   117 |   177 |   292 |   571 |  1318 |  1117 |  1351 ||  4943
       Punch             |     2 |     2 |    15 |       |       |       |       ||    19
 Fire: Hunting sling     |       |       |       |       |       |    41 |       ||    41
Throw: Stone             |       |     4 |    39 |   116 |       |       |       ||   159
       Tomahawk          |       |       |       |    26 |   169 |   156 |   204 ||   555
       Javelin           |       |       |       |       |       |     9 |       ||     9
Invok: Heroism           |       |     5 |    18 |    26 |    56 |    43 |    38 ||   186
       Finesse           |       |       |       |     5 |    12 |     7 |     3 ||    27
  Use: Scroll            |     4 |     6 |     2 |     7 |    13 |    17 |    15 ||    64
       Potion            |       |     1 |       |       |     5 |    10 |    11 ||    27
 Stab: Sleeping          |     4 |     5 |     1 |       |       |       |       ||    10
       Distracted        |     1 |       |     1 |       |       |       |     1 ||     3
       Petrifying        |       |       |       |     1 |       |       |       ||     1
  Eat: Chunk             |     5 |    12 |    15 |    25 |    53 |    35 |    44 ||   189
Armor: Robe              |    14 |    39 |       |       |       |       |       ||    53
       Scale mail        |    28 |       |       |       |       |   292 |   513 ||   833
       Ring mail         |       |    14 |    83 |   131 |   272 |    88 |       ||   588
Dodge: Dodged            |    79 |   108 |   128 |   197 |   489 |   538 |   873 ||  2412
Block: Shield            |       |       |    16 |   195 |   608 |   667 |  1093 ||  2579

Table legend:
 A = Spawn XP
 B = Non-spawn XP
 C = Spawn XP percentage of total XP
 D = Spawn monster count
 E = Non-spawn monster count
 F = Spawn count percentage of total count
 G = Total turns spent on level
                    A         B        C        D         E        F      G
               +---------+---------+-------+---------+---------+-------+---------
         Total |       0 |  422200 |   0.0 |       0 |    1411 |   0.0 | 42044
               +---------+---------+-------+---------+---------+-------+---------
           D:1 |       0 |      39 |   0.0 |       0 |      22 |   0.0 |   465
           D:2 |       0 |      48 |   0.0 |       0 |      18 |   0.0 |   899
           D:3 |       0 |      55 |   0.0 |       0 |      19 |   0.0 |  1137
           D:4 |       0 |     807 |   0.0 |       0 |      55 |   0.0 |  1530
           D:5 |       0 |     628 |   0.0 |       0 |      17 |   0.0 |  1051
           D:6 |       0 |    1615 |   0.0 |       0 |      19 |   0.0 |   823
           D:7 |       0 |     764 |   0.0 |       0 |      11 |   0.0 |   778
           D:8 |       0 |    2774 |   0.0 |       0 |      59 |   0.0 |  1155
           D:9 |       0 |    2893 |   0.0 |       0 |      20 |   0.0 |   934
          D:10 |       0 |    5455 |   0.0 |       0 |      42 |   0.0 |  1087
          D:11 |       0 |    9265 |   0.0 |       0 |      33 |   0.0 |  1544
          D:12 |       0 |    3291 |   0.0 |       0 |      27 |   0.0 |   979
          D:13 |       0 |    3888 |   0.0 |       0 |      23 |   0.0 |   800
          D:14 |       0 |   24711 |   0.0 |       0 |      73 |   0.0 |  1665
          D:15 |       0 |   14518 |   0.0 |       0 |      39 |   0.0 |  1333
        Lair:1 |       0 |    3255 |   0.0 |       0 |      22 |   0.0 |  1062
        Lair:2 |       0 |    3579 |   0.0 |       0 |      12 |   0.0 |  1310
        Lair:3 |       0 |    7082 |   0.0 |       0 |      28 |   0.0 |  1144
        Lair:4 |       0 |   13211 |   0.0 |       0 |      47 |   0.0 |  1199
        Lair:5 |       0 |   11761 |   0.0 |       0 |      42 |   0.0 |  1200
        Lair:6 |       0 |   19883 |   0.0 |       0 |      74 |   0.0 |  2199
      Shoals:1 |       0 |    9399 |   0.0 |       0 |      21 |   0.0 |   911
      Shoals:2 |       0 |   17682 |   0.0 |       0 |      38 |   0.0 |  1304
      Shoals:3 |       0 |   14432 |   0.0 |       0 |      26 |   0.0 |   987
      Shoals:4 |       0 |   42736 |   0.0 |       0 |      62 |   0.0 |  2130
      Spider:1 |       0 |   11114 |   0.0 |       0 |      28 |   0.0 |  1438
      Spider:2 |       0 |   24276 |   0.0 |       0 |      70 |   0.0 |  1617
      Spider:3 |       0 |   23453 |   0.0 |       0 |      71 |   0.0 |  1284
      Spider:4 |       0 |   47590 |   0.0 |       0 |     108 |   0.0 |  2310
         Orc:1 |       0 |    3138 |   0.0 |       0 |      25 |   0.0 |   588
         Orc:2 |       0 |   12060 |   0.0 |       0 |      78 |   0.0 |  1344
      Vaults:1 |       0 |   51123 |   0.0 |       0 |      99 |   0.0 |  2706
      Vaults:2 |       0 |   34367 |   0.0 |       0 |      61 |   0.0 |   747
           Lab |       0 |    1223 |   0.0 |       0 |       1 |   0.0 |   166
       Ossuary |       0 |      85 |   0.0 |       0 |      21 |   0.0 |   137
               +---------+---------+-------+---------+---------+-------+---------
